 Dungeon Crawl Stone Soup version 0.23.2-32-g37ab1d4649 (webtiles) character file.

Game seed: 17572740463664147822

564 Mrkan the Cudgeler (level 7, -3/44 HPs)
             Began as a Gargoyle Fighter on June 25, 2019.
             Slain by an ogre
             ... wielding a +0 giant spiked club
              (8 damage)
             ... on level 5 of the Dungeon.
             The game lasted 00:10:14 (3835 turns).

Mrkan the Cudgeler (Gargoyle Fighter)               Turns: 3835, Time: 00:10:15

Health: -3/44      AC: 18    Str: 19    XL:     7   Next: 32%
Magic:  7/7        EV:  3    Int:  9    God:
Gold:   238        SH: 12    Dex: 11    Spells: 6/6 levels left

rFire    + . .     SeeInvis .   a - +0 flail
rCold    . . .     Gourm    .   c - +0 shield
rNeg     + . .     Faith    .   j - +0 plate armour
rPois    ∞         Spirit   .   w - +0 helmet
rElec    +         Reflect  +   (no cloak)
rCorr    .         Harm     .   (no gloves)
MR       .....                  x - +0 pair of boots
Stlth    ..........             r - +2 amulet of reflection
HPRegen  0.14/turn              (no ring)
MPRegen  0.10/turn              y - ring of protection from fire

@: no status effects
A: negative energy resistance 1, electricity resistance, unbreathing,
petrification resistance, rot immunity, AC +4
a: no special abilities


You were on level 5 of the Dungeon.
You were not hungry.

You visited 1 branch of the dungeon, and saw 5 of its levels.

You collected 238 gold pieces.

Inventory:

Hand Weapons
 a - a +0 flail (weapon)
 G - a +0 hunting sling
Armour
 c - a +0 shield (worn)
 j - a +0 plate armour (worn)
 w - a +0 helmet (worn)
 x - a +0 pair of boots (worn)
Jewellery
 e - an uncursed ring of wizardry
 r - a +2 amulet of reflection (around neck)
 y - a ring of protection from fire (right hand)
Wands
 v - a wand of acid (8)
Scrolls
 g - 2 scrolls of identify
 i - a scroll of amnesia {unknown}
 l - 2 scrolls of remove curse
 m - a scroll of enchant armour {unknown}
 q - a scroll of fog {unknown}
 s - 2 scrolls of enchant weapon {unknown}
 z - a scroll of fear {unknown}
 A - a scroll of immolation {unknown}
 C - 2 scrolls of teleportation {unknown}
 D - a scroll of magic mapping {unknown}
Potions
 b - 4 potions of heal wounds
 d - 2 potions of might
 h - 2 potions of magic {unknown}
 k - 3 potions of flight {unknown}
 n - a potion of curing {unknown}
 o - 2 potions of lignification {unknown}
 p - a potion of haste {unknown}
 t - a potion of degeneration {unknown}
 u - a potion of resistance {unknown}
 B - a potion of mutation {unknown}
Comestibles
 f - 9 rations
 F - 4 chunks of flesh


   Skills:
 + Level 5.2 Fighting
 * Level 5.7 Maces & Flails
 - Level 3.2 Armour
 + Level 5.3 Shields


You had 6 spell levels left.
You didn't know any spells.
Your spell library contained the following spells:

 Spells                   Type           Power        Failure   Level  Hunger
 Corona                   Hex            #......      100%        1    ##.....
 Ensorcelled Hibernation  Hex/Ice        #.....       100%        2    ###....
 Confuse                  Hex            #.......     100%        3    ####...
 Dazzling Spray           Conj/Hex       #.....       100%        3    ####...
 Tukima's Dance           Hex            #.......     100%        3    ####...


Dungeon Overview and Level Annotations

Branches:
Dungeon (5/15)
 Temple: D:4-7

Altars:
Fedhas
Nemelex Xobeh
Ru
Vehumet
Yredelemnul


Innate Abilities, Weirdness & Mutations

You are resistant to torment.
Your stone body is resilient. (AC +4)
You are immune to poison.
You resist negative energy. (rN+)
You are resistant to electric shocks. (rElec)
You can survive without breathing.
You are immune to petrification.
You are immune to rotting.


Message History

You hit the ogre.
The ogre is severely wounded.
The gnoll hits you from afar with a +0 halberd.
You block the ogre's attack.
Your shield and plate armour prevent you from hitting the ogre.
The ogre is severely wounded.
You block the gnoll's attack.
The ogre hits you with a +0 giant spiked club!
You barely miss the ogre.
The ogre is severely wounded.
The ogre hits you with a +0 giant spiked club!!
Your plate armour prevents you from hitting the ogre.
The ogre is severely wounded.
The ogre hits you with a +0 giant spiked club!
* * * LOW HITPOINT WARNING * * *
A gnoll comes into view. It is wielding a +0 whip.
You hit the ogre but do no damage.
The ogre is severely wounded.
The ogre hits you with a +0 giant spiked club!
You die...

#.# #.# ##g##
##'## #.# #.#
#..# #..# #.#
#.# #g.# #.##
#.# #.# #.## #g
#.# #[###.## #<
#.##g..######.
#.##..........
#.##..g######.#
#.....ggO@....#
###############


You could see an ogre and 3 gnolls.

Vanquished Creatures
  A human (D:3)
  A water moccasin (D:2)
  A centaur (D:5)
  A bullfrog zombie (D:5)
  A centaur skeleton (D:5)
  Robin (D:2)
  3 gnolls (D:4)
  6 adders
  A worm (D:2)
  2 dart slugs
  3 leopard geckos
  2 orcs (D:4)
  2 ball pythons
  3 giant cockroaches
  18 goblins
  4 hobgoblins
  14 jackals
  4 quokkas
  6 bats
  4 frilled lizards
  4 kobolds
  10 rats
92 creatures vanquished.

Notes
Turn   | Place    | Note
-------+----------+-------------------------------------------
     0 | D:1      | Mrkan the Gargoyle Fighter began the quest for the Orb.
     0 | D:1      | Reached XP level 1. HP: 14/14 MP: 1/1
   123 | D:1      | Reached XP level 2. HP: 17/19 MP: 2/2
   417 | D:1      | Reached XP level 3. HP: 23/23 MP: 3/3
  1407 | D:2      | Reached XP level 4. HP: 18/29 MP: 4/4
  1522 | D:2      | Noticed Robin
  1545 | D:2      | Killed Robin
  1659 | D:2      | Found a sacrificial altar of Ru.
  1729 | D:2      | Found a sparkling altar of Nemelex Xobeh.
  1846 | D:2      | Noticed a water moccasin
  1897 | D:2      | Killed a water moccasin
  1897 | D:2      | Reached XP level 5. HP: 9/34 MP: 5/5
  2118 | D:3      | Found a runed translucent door.
  2118 | D:3      | Noticed a human
  2123 | D:3      | Found a basalt altar of Yredelemnul.
  2143 | D:3      | Killed a human
  2143 | D:3      | Reached XP level 6. HP: 30/39 MP: 6/6
  2421 | D:3      | Reached skill level 5 in Maces & Flails
  2451 | D:3      | Found a blossoming altar of Fedhas.
  2541 | D:3      | Found a radiant altar of Vehumet.
  3468 | D:5      | Entered Level 5 of the Dungeon
  3502 | D:5      | Reached skill level 5 in Shields
  3628 | D:5      | Reached skill level 5 in Fighting
  3628 | D:5      | Reached XP level 7. HP: 41/44 MP: 7/7
  3835 | D:5      | Slain by an ogre

Skill      XL: |  1  2  3  4  5  6 |
---------------+-------------------+-----
Maces & Flails | 3 4 5 |  5.7
Shields        | 4 5 |  5.3
Fighting       | 4 5 |  5.2
Armour         | |  3.2

Action                   |  1- 3 |  4- 6 |  7- 9 || total
-------------------------+-------+-------+-------++-------
Melee: Flail             |   183 |   249 |    23 ||   455
  Use: Scroll            |       |       |     2 ||     2
  Eat: Chunk             |     2 |     8 |       ||    10
Armor: Scale mail        |    65 |       |       ||    65
       Plate armour      |   115 |   182 |    19 ||   316
Dodge: Dodged            |    51 |    30 |     1 ||    82
Block: Shield            |   136 |   180 |    12 ||   328
